[Event "Ch FRA 2024 Accession"]
[Site "ALPE D'HUEZ, France"]
[Date "2024.08.17"]
[Round "1.1"]
[White "JOLY, Julien"]
[Black "SHCHEKACHEV, Andrei"]
[Result "0-1"]
[ECO "B07"]
[WhiteElo "2244"]
[BlackElo "2465"]
[PlyCount "78"]
[EventDate "2024.??.??"]
[TimeControl "90/40+30:0"]

1. d4 {274} g6 {204} 2. e4 {149} d6 {126} 3. Nc3 {68} c6 {30} 4. g3 {38} Bg7 {
211} 5. Bg2 {5} Nf6 {28} 6. Nge2 {10} O-O {78} 7. a4 {24} e5 {35} 8. O-O {60}
Na6 {188} 9. h3 {263} exd4 {24} 10. Nxd4 {69} Re8 {12} 11. Nb3 {979} Nb4 {353}
12. a5 {203} Be6 {813} 13. Be3 {352} Bc4 {390} 14. Re1 {76} c5 {126} 15. f4 {
576} Qc7 {468} 16. Nd2 {371} Ba6 {211} 17. Bf2 {379} Nc6 {939} 18. Nf3 {31}
Rad8 {217} 19. Kh2 {235} Nxa5 {233} 20. Qc1 {181} Nc6 {77} 21. g4 {230} Nb4 {
141} 22. Bg3 {105} Nd7 {245} 23. g5 {456} Nb8 {205} 24. f5 {121} N8c6 {10} 25.
f6 {30} Bf8 {5} 26. Nd5 {141} Nxd5 {106} 27. exd5 {1} Nb4 {54} 28. Rxe8 {140}
Rxe8 {6} 29. Qd1 {83} Bc4 {270} 30. Nd2 {21} Bxd5 {180} 31. Bxd5 {28} Nxd5 {3}
32. Nc4 {8} Nb6 {132} 33. Bxd6 {48} Qc6 {7} 34. Bxf8 {52} Nxc4 {64} 35. Be7 {7}
Qc7+ {148} 36. Kh1 {48} Qc6+ {12} 37. Kh2 {25} Ne3 {32} 38. Qg1 {92} Nf5 {76}
39. Qxc5 {55} Nxe7 {8} 0-1

[Event "Ch FRA 2024 Accession"]
[Site "ALPE D'HUEZ, France"]
[Date "2024.08.17"]
[Round "1.2"]
[White "VLACHOS, Anatole"]
[Black "LESUEUR, Gabriel"]
[Result "1-0"]
[ECO "C02"]
[WhiteElo "2461"]
[BlackElo "2238"]
[PlyCount "57"]
[EventDate "2024.??.??"]
[TimeControl "90/40+30:0"]

1. e4 {1} e6 {436} 2. d4 {8} d5 {5} 3. e5 {24} c5 {13} 4. c3 {4} Nc6 {5} 5. Nf3
{4} Nge7 {22} 6. Na3 {49} Bd7 {39} 7. Nc2 {291} Qa5 {118} 8. Qd2 {1183} f6 {553
} 9. b4 {447} Qc7 {750} 10. exf6 {38} gxf6 {6} 11. dxc5 {10} e5 {46} 12. Be2 {
196} O-O-O {494} 13. Na3 {123} Be6 {615} 14. Nb5 {478} Qd7 {23} 15. Nd6+ {186}
Kb8 {229} 16. c4 {750} dxc4 {237} 17. b5 {155} Nd4 {107} 18. Nxd4 {7} exd4 {9}
19. Qxd4 {266} Nf5 {1783} 20. Nxf5 {17} Bxf5 {23} 21. Qxc4 {476} Be6 {285} 22.
Qf4+ {76} Ka8 {5} 23. Be3 {11} Bd5 {212} 24. Rd1 {65} Be7 {24} 25. Bf3 {105}
Qe6 {22} 26. O-O {9} Rhg8 {67} 27. c6 {123} bxc6 {75} 28. bxc6 {2} Qxc6 {32}
29. Qd4 {94} 1-0

[Event "Ch FRA 2024 Accession"]
[Site "ALPE D'HUEZ, France"]
[Date "2024.08.17"]
[Round "1.3"]
[White "BOUMRAR, Ayrad"]
[Black "DECUIGNIERE, Tom"]
[Result "1/2-1/2"]
[ECO "B10"]
[WhiteElo "2233"]
[BlackElo "2405"]
[PlyCount "62"]
[EventDate "2024.??.??"]
[TimeControl "90/40+30:0"]

1. e4 {6} c6 {37} 2. Nc3 {8} d5 {15} 3. Nf3 {6} dxe4 {73} 4. Nxe4 {9} Nf6 {5}
5. Qe2 {9} Nxe4 {313} 6. Qxe4 {29} Nd7 {5} 7. d4 {50} Nf6 {87} 8. Qf4 {10} Nd5
{128} 9. Qd2 {13} Bf5 {78} 10. Bd3 {45} Bxd3 {243} 11. Qxd3 {36} e6 {95} 12.
O-O {10} Be7 {297} 13. c4 {357} Nf6 {10} 14. Bd2 {145} O-O {195} 15. b4 {307}
Qd6 {461} 16. Rfd1 {197} Rfd8 {160} 17. Qe2 {160} a6 {1073} 18. a4 {247} b5 {32
} 19. axb5 {373} axb5 {7} 20. cxb5 {73} cxb5 {138} 21. Qxb5 {220} Nd5 {83} 22.
Qc5 {752} Qd7 {889} 23. Qc4 {183} Rac8 {8} 24. Qb3 {209} Rb8 {127} 25. Ne5 {410
} Qe8 {263} 26. Qa4 {672} Bxb4 {484} 27. Qxe8+ {390} Rxe8 {3} 28. Nc6 {17} Rb6
{15} 29. Nxb4 {23} Nxb4 {5} 30. Bxb4 {13} Rxb4 {3} 31. d5 {45} exd5 {3} 1/2-1/2

[Event "Ch FRA 2024 Accession"]
[Site "ALPE D'HUEZ, France"]
[Date "2024.08.17"]
[Round "1.4"]
[White "ABERGEL, Thal"]
[Black "PILLARD, Valentin"]
[Result "1-0"]
[ECO "A47"]
[WhiteElo "2392"]
[BlackElo "2230"]
[PlyCount "67"]
[EventDate "2024.??.??"]
[TimeControl "90/40+30:0"]

1. d4 {417} Nf6 {35} 2. Nf3 {10} b6 {28} 3. Bf4 {289} Bb7 {525} 4. Nbd2 {37} d6
{133} 5. h3 {150} g6 {62} 6. e3 {125} Bg7 {17} 7. Bd3 {56} O-O {62} 8. O-O {8}
c5 {54} 9. c4 {182} cxd4 {67} 10. exd4 {9} d5 {32} 11. Rc1 {362} Nc6 {154} 12.
c5 {62} Nh5 {586} 13. Be3 {594} bxc5 {75} 14. Rxc5 {30} Nb4 {1087} 15. Be2 {150
} Ba6 {398} 16. Bxa6 {372} Nxa6 {14} 17. Rc3 {93} Nc7 {621} 18. Qa4 {249} Ne8 {
238} 19. Ne5 {273} Nd6 {329} 20. Rfc1 {123} e6 {376} 21. Ndf3 {275} a5 {604}
22. b3 {371} h6 {261} 23. Rc7 {251} Ne4 {151} 24. Nd7 {357} Re8 {20} 25. Nb6 {
23} Rb8 {54} 26. Qxa5 {323} Nhf6 {110} 27. Ne5 {164} Nd6 {21} 28. R1c6 {121}
Re7 {60} 29. Nbd7 {419} Ra8 {53} 30. Rxd6 {103} Rxd7 {59} 31. Rdxd7 {120} Nxd7
{6} 32. Nxf7 {99} Qe8 {75} 33. Nd6 {76} Qf8 {29} 34. Qa6 {35} 1-0

[Event "Ch FRA 2024 Accession"]
[Site "ALPE D'HUEZ, France"]
[Date "2024.08.18"]
[Round "2.1"]
[White "SHCHEKACHEV, Andrei"]
[Black "DEGARDIN, Sylvain"]
[Result "1/2-1/2"]
[ECO "E97"]
[WhiteElo "2465"]
[BlackElo "2266"]
[PlyCount "163"]
[EventDate "2024.??.??"]
[TimeControl "90/40+30:0"]

1. d4 {9} Nf6 {25} 2. c4 {54} g6 {19} 3. Nc3 {35} Bg7 {21} 4. e4 {44} d6 {16}
5. Nf3 {531} O-O {20} 6. Be2 {8} e5 {28} 7. O-O {31} Nc6 {23} 8. d5 {20} Ne7 {
17} 9. b4 {18} Nh5 {38} 10. Re1 {431} f5 {40} 11. a4 {178} a5 {642} 12. bxa5 {
218} Rxa5 {0} 13. Nd2 {1012} Nf6 {126} 14. Ba3 {365} b6 {382} 15. Bd3 {161} Ra8
{330} 16. Nb5 {149} fxe4 {356} 17. Nxe4 {30} Nxe4 {68} 18. Bxe4 {19} Nf5 {52}
19. Bb4 {220} Nd4 {277} 20. Qd3 {530} Rf7 {201} 21. f3 {263} Nxb5 {806} 22.
cxb5 {241} Bh6 {144} 23. Re2 {75} Bf5 {96} 24. Be1 {162} Ra7 {295} 25. Raa2 {
420} Bg5 {482} 26. Qc4 {413} Qa8 {0} 27. h4 {209} Bf4 {156} 28. g3 {29} Bh6 {42
} 29. Kg2 {7} Qc8 {194} 30. Ra3 {161} Bh3+ {112} 31. Kg1 {8} Bf5 {79} 32. Kh2 {
95} Qf8 {102} 33. Kg2 {141} Bd7 {99} 34. Rc2 {190} g5 {69} 35. hxg5 {195} Bxg5
{7} 36. Kh1 {5} Qe8 {503} 37. Qd3 {113} Qf8 {108} 38. Rh2 {34} Bf5 {32} 39.
Bxf5 {144} Rxf5 {6} 40. Qe4 {10} Rf7 {62} 41. Rc3 {767} Qg7 {148} 42. Rc4 {457}
Ra8 {664} 43. Rhc2 {125} Raf8 {136} 44. R4c3 {13} Bd8 {135} 45. Rh2 {70} Rf6 {
332} 46. Bf2 {347} Rh6 {174} 47. Rxh6 {86} Qxh6+ {5} 48. Kg2 {3} Qh5 {103} 49.
Rc4 {72} Rf6 {43} 50. Qg4+ {69} Qxg4 {11} 51. Rxg4+ {4} Rg6 {212} 52. Rxg6+ {
185} hxg6 {2} 53. Kh3 {32} Kf7 {136} 54. Kg4 {11} Ke8 {55} 55. Be3 {7} Kf7 {34}
56. Bd2 {32} Be7 {28} 57. Bb4 {83} Bd8 {40} 58. Be1 {59} Be7 {25} 59. Bf2 {18}
Bd8 {13} 60. Be3 {17} Be7 {20} 61. Kh3 {29} Kf6 {72} 62. Kg2 {9} Kf7 {65} 63.
Kf2 {5} Bd8 {23} 64. Ke2 {5} Be7 {12} 65. Kd3 {5} Ke8 {11} 66. Ke4 {28} Kf7 {3}
67. Bd2 {48} Bd8 {10} 68. Kd3 {31} Ke8 {2} 69. Kc4 {61} Kd7 {10} 70. Kd3 {47}
Ke8 {1} 71. Ke4 {27} Kf7 {22} 72. f4 {61} exf4 {22} 73. gxf4 {11} Ke8 {46} 74.
Kf3 {38} Kf7 {23} 75. Kg4 {5} Be7 {35} 76. Bc3 {44} Bd8 {39} 77. a5 {43} bxa5 {
7} 78. Bxa5 {2} Ke8 {20} 79. Bc3 {17} Kf7 {37} 80. Bd4 {10} Ke8 {53} 81. Bg7 {
62} Kf7 {46} 82. Bd4 {6} 1/2-1/2

[Event "Ch FRA 2024 Accession"]
[Site "ALPE D'HUEZ, France"]
[Date "2024.08.18"]
[Round "2.2"]
[White "DEVALLEE, Jeremy"]
[Black "VLACHOS, Anatole"]
[Result "0-1"]
[ECO "B13"]
[WhiteElo "2257"]
[BlackElo "2461"]
[PlyCount "120"]
[EventDate "2024.??.??"]
[TimeControl "90/40+30:0"]

1. e4 {0} c6 {5} 2. d4 {90} d5 {6} 3. exd5 {4} cxd5 {4} 4. Nf3 {6} Nc6 {16} 5.
Bb5 {5} Bg4 {502} 6. h3 {318} Bxf3 {34} 7. Qxf3 {3} Nf6 {171} 8. O-O {179} e6 {
303} 9. c3 {875} Bd6 {463} 10. Bg5 {24} h6 {21} 11. Bh4 {5} g5 {99} 12. Bg3 {6}
Ne4 {113} 13. Bxd6 {5} Qxd6 {141} 14. Bd3 {43} f5 {360} 15. Bxe4 {262} fxe4 {
559} 16. Qh5+ {9} Kd7 {669} 17. Nd2 {67} Raf8 {97} 18. f3 {7} e3 {283} 19. Nb3
{30} e5 {14} 20. Rfe1 {519} Rf4 {623} 21. Rxe3 {745} Rhf8 {6} 22. g3 {22} exd4
{290} 23. cxd4 {87} R4f6 {15} 24. Kg2 {197} b6 {144} 25. Rae1 {35} Kc7 {49} 26.
Qg4 {102} a5 {182} 27. Re6 {103} Rxe6 {133} 28. Rxe6 {96} Qb4 {116} 29. Rxh6 {
110} Qc4 {511} 30. Rxc6+ {877} Qxc6 {128} 31. Qxg5 {13} Re8 {5} 32. Qd2 {234}
Kb7 {82} 33. Nc1 {104} Rc8 {15} 34. Nd3 {273} Qc2 {45} 35. Qxc2 {4} Rxc2+ {3}
36. Kg1 {17} Rd2 {11} 37. Ne5 {11} Rxb2 {45} 38. h4 {14} Rxa2 {17} 39. h5 {187}
a4 {6} 40. h6 {93} Rc2 {248} 41. Nd3 {1213} Rc6 {20} 42. g4 {13} a3 {67} 43.
Nb4 {11} Rxh6 {5} 44. Kg2 {30} Rc6 {496} 45. g5 {347} Rc4 {38} 46. g6 {30} Rxb4
{5} 47. g7 {4} a2 {5} 48. g8=Q {16} a1=Q {35} 49. Qxd5+ {59} Ka7 {6} 50. Qd7+ {
51} Ka6 {6} 51. Qc8+ {7} Kb5 {22} 52. Qe8+ {141} Kc4 {13} 53. Qe6+ {30} Kc3 {62
} 54. Qe3+ {24} Kb2 {151} 55. Qe2+ {139} Kb3 {155} 56. Qe6+ {27} Ka3 {149} 57.
Qe3+ {12} Rb3 {58} 58. Qe7+ {5} Ka2 {40} 59. Qa7+ {103} Kb2 {6} 60. Qg7 {15}
Qc1 {23} 0-1

[Event "Ch FRA 2024 Accession"]
[Site "ALPE D'HUEZ, France"]
[Date "2024.08.18"]
[Round "2.3"]
[White "MARTIN, Nils"]
[Black "ABERGEL, Thal"]
[Result "1/2-1/2"]
[ECO "C41"]
[WhiteElo "2252"]
[BlackElo "2392"]
[PlyCount "149"]
[EventDate "2024.??.??"]
[TimeControl "90/40+30:0"]

1. e4 {4} e5 {326} 2. Nf3 {129} d6 {6} 3. Bc4 {112} Be7 {8} 4. O-O {25} Nf6 {15
} 5. Re1 {27} O-O {16} 6. c3 {44} c6 {44} 7. Bb3 {127} Bg4 {360} 8. d4 {29}
Nbd7 {69} 9. Nbd2 {31} exd4 {145} 10. cxd4 {8} d5 {16} 11. e5 {26} Ne8 {16} 12.
Nf1 {251} Nc7 {37} 13. Bc2 {39} Ne6 {153} 14. Qd3 {526} g6 {10} 15. Bh6 {26}
Re8 {69} 16. Rad1 {232} Qb6 {257} 17. Ng3 {593} Bxf3 {254} 18. gxf3 {231} Qxb2
{104} 19. Bb3 {326} Bg5 {162} 20. Bxg5 {320} Nxg5 {51} 21. Qe3 {17} Ne6 {154}
22. f4 {35} c5 {456} 23. Re2 {375} cxd4 {300} 24. Rxb2 {17} dxe3 {6} 25. fxe3 {
5} Nb6 {383} 26. Bxd5 {160} Red8 {70} 27. Rbd2 {68} Nxd5 {98} 28. Rxd5 {2} Rxd5
{175} 29. Rxd5 {3} Rc8 {33} 30. Ne4 {61} Rc2 {285} 31. Rd2 {33} Rxd2 {122} 32.
Nxd2 {3} Nc5 {25} 33. Kf2 {85} Kf8 {131} 34. e4 {236} h6 {318} 35. Ke3 {68} Ke7
{108} 36. f5 {66} g5 {126} 37. Kd4 {16} b6 {162} 38. Nc4 {40} h5 {267} 39. Ne3
{241} h4 {254} 40. h3 {286} a5 {244} 41. Nf1 {274} Na4 {710} 42. Nd2 {385} b5 {
63} 43. a3 {20} b4 {59} 44. axb4 {26} axb4 {2} 45. Kc4 {539} Nb2+ {401} 46.
Kxb4 {118} Nd3+ {3} 47. Kc3 {33} Nxe5 {201} 48. Kd4 {96} f6 {223} 49. Ke3 {55}
Kd6 {147} 50. Nf3 {188} Nc6 {35} 51. Nh2 {52} Ne5 {36} 52. Nf3 {91} Nf7 {2} 53.
Kd4 {51} Ke7 {193} 54. Ke3 {89} Nd6 {38} 55. Nh2 {75} Nc4+ {173} 56. Kd3 {17}
Ne5+ {10} 57. Ke3 {3} Kd7 {14} 58. Nf3 {110} Kd6 {22} 59. Ke2 {55} Nc4 {197}
60. Kd3 {267} Kc5 {48} 61. Nh2 {53} Ne5+ {25} 62. Ke3 {156} Kc4 {45} 63. Nf1 {
125} Kc3 {22} 64. Nh2 {46} Nc4+ {36} 65. Kf2 {29} Ne5 {97} 66. Ke3 {69} Kc4 {28
} 67. Nf1 {20} Kb5 {53} 68. Nd2 {200} Kc5 {31} 69. Nb3+ {55} Kd6 {64} 70. Nd2 {
69} Kc5 {69} 71. Nb3+ {4} Kc4 {38} 72. Nd2+ {2} Kc3 {13} 73. Nb1+ {14} Kc4 {285
} 74. Nd2+ {10} Kc5 {3} 75. Nb3+ {Kd5 Nd2+ 77 78 18} 1/2-1/2

[Event "Ch FRA 2024 Accession"]
[Site "ALPE D'HUEZ, France"]
[Date "2024.08.18"]
[Round "2.4"]
[White "DEFROMONT, Benjamin"]
[Black "EVENO (Acc), Nathan"]
[Result "1-0"]
[ECO "B92"]
[WhiteElo "2380"]
[BlackElo "2197"]
[PlyCount "81"]
[EventDate "2024.??.??"]
[TimeControl "90/40+30:0"]

1. e4 {843} c5 {9} 2. Nf3 {6} d6 {5} 3. d4 {17} cxd4 {19} 4. Nxd4 {7} Nf6 {5}
5. Nc3 {4} a6 {41} 6. Be2 {21} e5 {37} 7. Nb3 {6} Be6 {8} 8. f4 {24} Be7 {83}
9. f5 {86} Bd7 {5} 10. Bg5 {9} Bc6 {4} 11. Bxf6 {9} Bxf6 {4} 12. Qd3 {5} Bg5 {8
} 13. Nd2 {5} b5 {15} 14. O-O-O {56} Nd7 {15} 15. Qxd6 {122} Qf6 {4} 16. Qa3 {
113} Qe7 {42} 17. Qxe7+ {6} Kxe7 {3} 18. Kb1 {1500} Bxd2 {89} 19. Rxd2 {437}
Nf6 {11} 20. Bd3 {57} Rhd8 {198} 21. Re2 {88} Rd4 {1152} 22. Rhe1 {287} Nd7 {
1484} 23. Nd1 {145} Nc5 {39} 24. Nf2 {11} b4 {161} 25. Re3 {174} f6 {428} 26.
g4 {280} a5 {63} 27. g5 {201} fxg5 {143} 28. Rg1 {72} Rad8 {588} 29. Kc1 {270}
a4 {463} 30. Rxg5 {57} Kf8 {9} 31. b3 {133} a3 {64} 32. Rh5 {431} Kg8 {544} 33.
Bc4+ {371} Kf8 {5} 34. Rxh7 {52} Nxe4 {346} 35. Nd3 {138} R8d6 {294} 36. Rh8+ {
130} Ke7 {3} 37. Rg8 {8} Nc3 {123} 38. Rxe5+ {83} Kf6 {31} 39. Rf8+ {81} Kg5 {1
} 40. f6+ {11} Kg6 {60} 41. Bf7+ {27} 1-0

[Event "Ch FRA 2024 Accession"]
[Site "ALPE D'HUEZ, France"]
[Date "2024.08.19"]
[Round "3.1"]
[White "VLACHOS (Acc), Anatole"]
[Black "ZIENKIEWICZ (Acc), Jan"]
[Result "1-0"]
[ECO "B30"]
[WhiteElo "2461"]
[BlackElo "2302"]
[PlyCount "81"]
[EventDate "2024.??.??"]
[TimeControl "90/40+30:0"]

1. e4 {1} c5 {21} 2. Nf3 {6} Nc6 {47} 3. Bb5 {6} e6 {30} 4. Bxc6 {5} bxc6 {5}
5. d3 {3} Ne7 {9} 6. Nbd2 {4} f6 {15} 7. Nh4 {9} d5 {12} 8. f4 {213} c4 {25} 9.
dxc4 {81} Qb6 {9} 10. Qf3 {233} a5 {31} 11. a4 {425} Ba6 {647} 12. b3 {7} dxc4
{763} 13. Nxc4 {481} Bxc4 {50} 14. bxc4 {2} Qd4 {556} 15. c3 {1127} Qxc4 {27}
16. Bd2 {86} Rb8 {537} 17. Qe2 {134} Qc5 {71} 18. Nf3 {98} Rb2 {706} 19. Nd4 {
165} e5 {118} 20. Ne6 {312} Qb6 {360} 21. Rd1 {666} exf4 {175} 22. e5 {583} f5
{291} 23. Nxf4 {193} Nd5 {251} 24. Nxd5 {53} cxd5 {7} 25. Qd3 {97} Qe6 {1103}
26. Be3 {41} Rxg2 {72} 27. Qxd5 {30} Qxd5 {37} 28. Rxd5 {1} Ra2 {0} 29. O-O {37
} Rxa4 {31} 30. Rb1 {75} Kf7 {58} 31. Rb8 {214} g5 {118} 32. Bd4 {32} Rg8 {142}
33. Rd7+ {49} Ke6 {55} 34. Rdd8 {18} Kf7 {10} 35. Re8 {36} Ra1+ {48} 36. Kf2 {1
} Ra2+ {24} 37. Ke3 {90} f4+ {39} 38. Kd3 {10} Rxh2 {35} 39. e6+ {8} Kg6 {2}
40. Rxf8 {21} Rxf8 {31} 41. Rxf8 {2} 1-0

[Event "Ch FRA 2024 Accession"]
[Site "ALPE D'HUEZ, France"]
[Date "2024.08.19"]
[Round "3.2"]
[White "PICHON, Ewen"]
[Black "DEFROMONT, Benjamin"]
[Result "1/2-1/2"]
[ECO "E94"]
[WhiteElo "2276"]
[BlackElo "2380"]
[PlyCount "60"]
[EventDate "2024.??.??"]
[TimeControl "90/40+30:0"]

1. Nf3 {0} Nf6 {1079} 2. c4 {10} g6 {54} 3. Nc3 {7} Bg7 {7} 4. e4 {7} d6 {13}
5. d4 {11} O-O {24} 6. Be2 {3} e5 {52} 7. O-O {8} h6 {20} 8. h3 {228} exd4 {175
} 9. Nxd4 {15} Re8 {4} 10. Bf3 {161} Nbd7 {131} 11. Be3 {298} Nc5 {262} 12. Qc2
{105} a5 {24} 13. Rfe1 {160} Nh7 {458} 14. Qd2 {1121} Ng5 {315} 15. Bxg5 {299}
hxg5 {6} 16. Rad1 {24} c6 {241} 17. Bg4 {888} Bxg4 {121} 18. hxg4 {116} Be5 {94
} 19. g3 {91} Qf6 {319} 20. Kg2 {83} Rad8 {101} 21. f3 {439} Kg7 {15} 22. Nde2
{41} Rh8 {92} 23. Rh1 {43} Ne6 {47} 24. Qe3 {200} a4 {950} 25. Rdf1 {479} a3 {
128} 26. b3 {23} Rde8 {257} 27. Qd2 {131} Rd8 {700} 28. Qe3 {12} Rde8 {241} 29.
Qd2 {5} Rd8 {30} 30. Qe3 {5} Rde8 {17} 1/2-1/2

[Event "Ch FRA 2024 Accession"]
[Site "ALPE D'HUEZ, France"]
[Date "2024.08.19"]
[Round "3.3"]
[White "ROUX, Baptiste"]
[Black "ANTAO, Amory"]
[Result "1-0"]
[ECO "C42"]
[WhiteElo "2353"]
[BlackElo "2079"]
[PlyCount "127"]
[EventDate "2024.??.??"]
[TimeControl "90/40+30:0"]

1. e4 {255} e5 {22} 2. Nf3 {10} Nf6 {17} 3. Nxe5 {33} d6 {29} 4. Nf3 {5} Nxe4 {
28} 5. Nc3 {69} Nxc3 {57} 6. dxc3 {7} Be7 {54} 7. Be3 {7} O-O {41} 8. Qd2 {7}
Nd7 {60} 9. O-O-O {79} c6 {45} 10. h4 {319} Re8 {44} 11. Kb1 {1173} d5 {51} 12.
Nd4 {609} Ne5 {482} 13. h5 {197} Ng4 {409} 14. Bf4 {142} Bd6 {263} 15. c4 {340}
Bxf4 {349} 16. Qxf4 {2} Qf6 {36} 17. Qxf6 {186} gxf6 {19} 18. Bd3 {172} Nxf2 {
92} 19. Rde1 {27} Bg4 {84} 20. Rhf1 {161} Nxd3 {206} 21. cxd3 {100} c5 {145}
22. Nb5 {622} Be2 {937} 23. Nc7 {78} Bxd3+ {62} 24. Kc1 {8} Rxe1+ {1439} 25.
Rxe1 {16} Rd8 {16} 26. h6 {590} Kf8 {749} 27. Nxd5 {628} Re8 {77} 28. Rxe8+ {93
} Kxe8 {13} 29. Kd2 {172} Bb1 {146} 30. g4 {85} Kd7 {90} 31. Nxf6+ {7} Ke6 {16}
32. g5 {5} Bg6 {18} 33. Ke3 {57} Kf5 {69} 34. Ne4 {0} b6 {11} 35. a3 {66} a5 {
255} 36. Nd6+ {36} Kxg5 {13} 37. Nc8 {6} Kg4 {62} 38. Nxb6 {24} Bf5 {53} 39.
Na4 {64} Kg5 {37} 40. Nxc5 {7} Kxh6 {14} 41. Kf4 {494} Bh3 {97} 42. Ne4 {869}
Kg7 {483} 43. b4 {268} axb4 {54} 44. axb4 {1} Kf8 {254} 45. Nf6 {0} Ke7 {135}
46. Ke5 {2} Bf1 {121} 47. c5 {8} h5 {360} 48. Nxh5 {58} Kd7 {8} 49. Ng3 {34}
Ba6 {211} 50. Nf5 {9} f6+ {359} 51. Kxf6 {30} Kc6 {8} 52. Nd6 {9} Kd5 {97} 53.
Ke7 {26} Kc6 {19} 54. Ke6 {21} Be2 {29} 55. Ke5 {14} Bf3 {29} 56. Kd4 {9} Bg2 {
32} 57. b5+ {18} Kc7 {9} 58. Kc4 {19} Bf1+ {31} 59. Kb4 {2} Be2 {33} 60. Nc4 {
30} Bf3 {36} 61. Ne5 {117} Bg2 {64} 62. c6 {31} Kd6 {39} 63. Nc4+ {10} Kc7 {12}
64. Kc5 {8} 1-0

[Event "Ch FRA 2024 Accession"]
[Site "ALPE D'HUEZ, France"]
[Date "2024.08.19"]
[Round "3.4"]
[White "BOYER, Mahel"]
[Black "PIGEAT, Alexandre"]
[Result "1/2-1/2"]
[ECO "C03"]
[WhiteElo "2480"]
[BlackElo "2318"]
[PlyCount "170"]
[EventDate "2024.??.??"]
[TimeControl "90/40+30:0"]

1. e4 {69} e6 {13} 2. d4 {36} d5 {7} 3. Nd2 {13} Be7 {188} 4. Bd3 {120} dxe4 {
156} 5. Nxe4 {449} Nf6 {50} 6. Nf3 {101} Nxe4 {92} 7. Bxe4 {9} Nd7 {15} 8. Qe2
{38} Nf6 {354} 9. Bxb7 {35} Bxb7 {23} 10. Qb5+ {5} Qd7 {72} 11. Qxb7 {5} O-O {7
} 12. Qa6 {180} c5 {192} 13. dxc5 {41} Bxc5 {62} 14. O-O {14} Qc7 {809} 15. Qe2
{156} Rfe8 {192} 16. Bg5 {189} Nd7 {195} 17. Rad1 {253} e5 {94} 18. Rd2 {298}
Nf8 {316} 19. Qe4 {605} Qb6 {622} 20. c4 {805} Rac8 {176} 21. b3 {131} Ne6 {354
} 22. Rd7 {745} Bxf2+ {785} 23. Rxf2 {89} Nc5 {17} 24. Qd5 {15} Nxd7 {9} 25.
Qxd7 {2} f6 {15} 26. Qd5+ {661} Kh8 {19} 27. Bh4 {30} e4 {131} 28. Ne1 {24}
Rcd8 {208} 29. Qh5 {39} Re5 {124} 30. Qf7 {50} Ree8 {279} 31. h3 {147} Rf8 {278
} 32. Qh5 {31} Qe3 {220} 33. Qe2 {64} Qc3 {15} 34. Kh2 {46} g5 {126} 35. Bg3 {
347} f5 {12} 36. Rxf5 {78} Rxf5 {6} 37. Qxe4 {0} Qf6 {117} 38. Nd3 {54} Kg8 {60
} 39. Nb4 {84} Qf7 {57} 40. Qe3 {263} Re8 {17} 41. Qd4 {12} h5 {109} 42. Nd5 {
386} h4 {500} 43. Bd6 {7} Rd8 {139} 44. Ne3 {376} Rf6 {247} 45. c5 {9} Qe6 {96}
46. Nc4 {217} Rf1 {242} 47. Qd2 {756} Rf5 {206} 48. Qc2 {15} g4 {196} 49. hxg4
{30} Rg5 {18} 50. Qf2 {146} Rxg4 {261} 51. Ne3 {257} Rg7 {11} 52. Qf4 {45} h3 {
69} 53. g4 {115} Re8 {45} 54. Nf5 {121} Qe2+ {35} 55. Kxh3 {1} Rg6 {189} 56.
Qc4+ {57} Qxc4 {18} 57. bxc4 {0} Kf7 {25} 58. c6 {7} Ke6 {36} 59. c5 {43} Rh8+
{34} 60. Kg3 {3} Rhg8 {22} 61. Ne3 {45} Rc8 {26} 62. c7 {2} Kd7 {30} 63. Nc4 {0
} Ke6 {30} 64. Kf4 {116} Rg7 {14} 65. Na5 {58} Kd5 {18} 66. g5 {28} Rgxc7 {71}
67. Bxc7 {3} Rxc7 {5} 68. Nb3 {15} Rf7+ {53} 69. Kg4 {3} Ke5 {11} 70. c6 {47}
Rc7 {31} 71. Na5 {3} Rg7 {47} 72. Nb7 {33} Rc7 {17} 73. Na5 {30} Rc8 {45} 74.
Kh5 {51} Kf5 {16} 75. Kh6 {0} Rh8+ {35} 76. Kg7 {2} Rc8 {8} 77. g6 {68} Rc7+ {9
} 78. Kf8 {25} Ke6 {33} 79. a3 {46} Rc8+ {16} 80. Kg7 {0} Rc7+ {9} 81. Kf8 {85}
Rc8+ {2} 82. Kg7 {3} Rc7+ {6} 83. Kf8 {99} Rc8+ {5} 84. Kg7 {3} Rc7+ {3} 85.
Kf8 {42} Ke5 {23} 1/2-1/2

[Event "Ch FRA 2024 Accession"]
[Site "ALPE D'HUEZ, France"]
[Date "2024.08.20"]
[Round "4.1"]
[White "ROUX, Baptiste"]
[Black "VLACHOS, Anatole"]
[Result "1/2-1/2"]
[ECO "C01"]
[WhiteElo "2353"]
[BlackElo "2461"]
[PlyCount "94"]
[EventDate "2024.??.??"]
[TimeControl "90/40+30:0"]

1. e4 {356} e6 {5} 2. d4 {38} d5 {5} 3. exd5 {145} exd5 {5} 4. Nf3 {4} Nf6 {6}
5. Bd3 {9} c5 {5} 6. O-O {7} c4 {3} 7. Re1+ {4} Be7 {3} 8. Bf1 {7} O-O {4} 9.
b3 {10} cxb3 {3} 10. axb3 {4} Nc6 {4} 11. c3 {42} Bf5 {8} 12. Bf4 {300} Re8 {5}
13. Ne5 {348} Nxe5 {102} 14. Bxe5 {282} Bd6 {242} 15. Bxd6 {533} Rxe1 {0} 16.
Qxe1 {19} Qxd6 {3} 17. f3 {165} Re8 {465} 18. Qf2 {472} Qc6 {1226} 19. c4 {467}
Bxb1 {6} 20. Rxb1 {33} Qb6 {6} 21. Rb2 {305} Qb4 {338} 22. Qd2 {332} Qa3 {46}
23. c5 {257} Re7 {647} 24. Ra2 {552} Qxb3 {9} 25. Rb2 {10} Qa4 {87} 26. Ra2 {
169} Qe8 {193} 27. Rxa7 {17} g6 {49} 28. g3 {372} Kg7 {33} 29. Kf2 {46} Ng8 {
1114} 30. Ra3 {237} Qc6 {170} 31. Qb4 {385} Qf6 {55} 32. Re3 {139} h5 {387} 33.
Bb5 {134} h4 {184} 34. Rxe7 {46} Qxe7 {246} 35. Qb3 {75} Qd8 {201} 36. Qe3 {87}
Qf6 {157} 37. Bd7 {55} Ne7 {32} 38. f4 {42} hxg3+ {178} 39. hxg3 {5} g5 {53}
40. Qe5 {64} gxf4 {11} 41. gxf4 {136} Nc6 {196} 42. Bxc6 {98} bxc6 {5} 43. Kf3
{158} Qxe5 {217} 44. fxe5 {254} f6 {7} 45. Kf4 {305} Kf7 {18} 46. Kf5 {5} fxe5
{4} 47. Kxe5 {4} Ke7 {Ke4 3 11} 1/2-1/2

[Event "Ch FRA 2024 Accession"]
[Site "ALPE D'HUEZ, France"]
[Date "2024.08.20"]
[Round "4.2"]
[White "DEFROMONT, Benjamin"]
[Black "DEGARDIN, Sylvain"]
[Result "1/2-1/2"]
[ECO "B87"]
[WhiteElo "2380"]
[BlackElo "2266"]
[PlyCount "61"]
[EventDate "2024.??.??"]
[TimeControl "90/40+30:0"]

1. e4 {1024} c5 {18} 2. Nf3 {6} d6 {14} 3. d4 {6} cxd4 {12} 4. Nxd4 {5} Nf6 {10
} 5. Nc3 {5} a6 {20} 6. Bc4 {13} e6 {20} 7. Bb3 {11} b5 {19} 8. a3 {35} Be7 {65
} 9. Be3 {237} O-O {201} 10. g4 {346} Bb7 {266} 11. f3 {6} Nc6 {1097} 12. Qe2 {
534} Na5 {594} 13. O-O-O {379} Nxb3+ {126} 14. Nxb3 {55} Qc7 {23} 15. g5 {102}
Nd7 {164} 16. h4 {7} Ne5 {143} 17. Kb1 {638} Nc4 {89} 18. Bc1 {4} Nxa3+ {654}
19. bxa3 {111} Qxc3 {95} 20. h5 {49} e5 {142} 21. Qg2 {412} f5 {376} 22. gxf6 {
92} Rxf6 {108} 23. Bg5 {525} Rxf3 {477} 24. Bxe7 {29} Bxe4 {15} 25. Na1 {61}
Qc4 {366} 26. Rh4 {341} Rb3+ {959} 27. Kc1 {47} Rxa3 {14} 28. Qxe4 {214} Rxa1+
{21} 29. Kd2 {5} Rxd1+ {18} 30. Kxd1 {3} Qxe4 {50} 31. Rxe4 {13} 1/2-1/2